 Dungeon Crawl Stone Soup version 0.31-a0-543-geaa9c7a2c0 (webtiles) character file.

Game seed: 7739704497850608536

200 Ethylacetat the Insei (level 5, -2/37 HPs)
             Began as an Octopode Gladiator on Aug 15, 2023.
             Slain by a hound (6 damage)
             ... on level 3 of the Dungeon.
             The game lasted 00:02:42 (1876 turns).

Ethylacetat the Insei (Octopode Gladiator)          Turns: 1876, Time: 00:02:42

Health: -2/37      AC:  1    Str: 14    XL:     5   Next: 78%
Magic:  5/5        EV: 14    Int: 10    God:
Gold:   139        SH:  0    Dex: 15    Spells: 4/4 levels left

rFire   . . .        i - +0 dagger (venom)
rCold   + . .        (no shield)
rNeg    . . .        a - +0 hat
rPois   .            e - amulet of regeneration
rElec   .            k - ring of protection from cold
rCorr   .            (no ring)
SInv    .            (no ring)
Will    .....        (no ring)
Stlth   ++           (no ring)
HPRegen 1.06/turn    (no ring)
MPRegen 0.09/turn    (no ring)
                     (no ring)

%: no passive effects
@: no status effects
A: almost no armour, amphibious, 8 rings, camouflage 1, gelatinous body 1,
(nimble swimmer 1), tentacles
a: no special abilities


You were on level 3 of the Dungeon.
You visited 1 branch of the dungeon, and saw 3 of its levels.

You collected 169 gold pieces.
You spent 30 gold pieces at shops.

Inventory:

Hand Weapons
 i - a +0 dagger of venom (weapon)
Missiles
 b - 3 throwing nets (quivered)
 c - a javelin
 d - 2 curare-tipped darts
Armour
 a - a +0 hat (worn)
Jewellery
 e - an amulet of regeneration (around mantle)
 k - a ring of protection from cold (left tentacle)
Scrolls
 f - 4 scrolls of identify {unknown}
 h - a scroll of silence {unknown}
 m - 3 scrolls of teleportation
 o - a scroll of poison {unknown}
 p - a scroll of amnesia {unknown}
 q - a scroll of noise {unknown}
Potions
 g - a potion of mutation {unknown}
 j - 2 potions of curing {unknown}
 l - a potion of attraction {unknown}
 n - a potion of invisibility {unknown}


   Skills:
 + Level 3.7 Fighting
 - Level 2.0 Throwing
 + Level 4.3 Dodging
 + Level 4.3 Unarmed Combat


You had 4 spell levels left.
You didn't know any spells.
Your spell library contained the following spells:

 Spells                   Type           Power      Damage    Failure   Level
 Summon Guardian Golem    Hex/Summ       0%         N/A       75%         3
 Orb of Destruction       Conj           0%         9d5       100%        7
 Spellforged Servitor     Conj/Summ      0%         N/A       100%        7


Dungeon Overview and Level Annotations

Branches:
Dungeon (3/15)

Altars:

Shops:
D:2 ?


Innate Abilities, Weirdness & Mutations

You cannot wear most types of armour.
You are amphibious.
You can wear up to eight rings at the same time.
Your skin changes colour to match your surroundings (Stealth+).
Your rubbery body absorbs attacks. (AC +1, EV +1)
((You are camouflaged when in or above water. (Stealth+)))
You have tentacles for arms and can constrict up to eight enemies at once.


Message History

You now have 139 gold pieces (gained 1).
Found a stone staircase leading down.
No target in view!
There is a stone staircase leading down here.
There is a stone staircase leading up here.
Key pressed, stopping explore.
No target in view!
You open the door.
A gnoll and 2 hounds come into view.
The hound barks!
The gnoll shouts!
The hound barks!
The hound closely misses you. The hound bites you.
The gnoll hits you from afar with a +0 halberd!
The hound closely misses you. x2
There is an open door, spattered with blood here.
There are monsters nearby!
You hit the hound.
The hound is poisoned.
You grab the hound.
The hound is lightly wounded.
You constrict the hound. The hound completely misses you.
The hound bites you but does no damage. The gnoll closely misses you.
You hit the hound but do no damage.
The hound looks as sick as possible!
You tentacle-slap the hound. You squeeze the hound.
The hound is severely wounded.
You constrict the hound.
You kill the hound!
The hound closely misses you. The hound bites you.
The gnoll hits you from afar with a +0 halberd!
* * * LOW HITPOINT WARNING * * *
You hit the bush but do no damage. The hound bites you.
* * * LOW HITPOINT WARNING * * *
The gnoll barely misses you. The hound barely misses you. The hound bites you.
* * * LOW HITPOINT WARNING * * *
Okay, then.
You hit the hound.
The hound is poisoned.
Your grab misses the hound.
The hound is lightly wounded.
The hound bites you.
* * * LOW HITPOINT WARNING * * *
The hound bites you.
You die...

#........# #.##.##### #.....##.#
#####.##.# # #####.##.#
#........# #
#.##...#.###.###.##.# #
#......).#..#######.#####
#(..........#...###[...^.
#..........P#†..#..######
#.##...#.h..'...#..# # ###
########.##@#.P#+#+#..# # #.#
#...# #.##.#..# #..# #
#.###.#.####.##.#..# ##..# ####
#............##.#######...###...
#####.#.#######.# #.....##....
#.#.# #.# #.###.##..## #.#.# #.#
#.# #....... #.#)# #.#
#.###.##..## #.#.#######.#
#.....##..#


You could see a hound (very poisoned).

Vanquished Creatures
  A hound (D:3)
  An orc priest (D:3)
  An orc wizard (D:3)
  3 gnolls (D:2)
  2 adders
  2 worms (D:2)
  2 orcs (D:3)
  4 ball pythons
  5 endoplasms
  2 giant cockroaches
  5 goblins
  9 hobgoblins
  4 jackals (D:2)
  2 quokkas
  4 bats
  A frilled lizard (D:1)
  6 kobolds
  6 rats
60 creatures vanquished.

Notes
Turn   | Place    | Note
-------+----------+-------------------------------------------
     0 | D:1      | Ethylacetat the Octopode Gladiator began the quest for the
                  | Orb.
     0 | D:1      | Reached XP level 1. HP: 14/14 MP: 1/1
   220 | D:1      | Reached XP level 2. HP: 19/19 MP: 2/2
   562 | D:1      | Reached XP level 3. HP: 20/25 MP: 3/3
   863 | D:2      | Found Kiobbyin's Magic Scroll Emporium.
   873 | D:2      | Bought a scroll of teleportation for 30 gold pieces
  1078 | D:2      | Reached XP level 4. HP: 27/30 MP: 4/4
  1583 | D:3      | Reached XP level 5. HP: 36/36 MP: 5/5
  1876 | D:3      | Slain by a hound

Illustrated notes

Levels and vault maps discovered:
D:1:      minmay_arrival_widening_spiral_wide, layout_loops_cross, minivault_26
D:2:      layout_loops_ring, serial_shops, shop, minmay_split_cup_small
D:3:      layout_loops_ring, nicolae_qazlal_eye_of_the_storm,
          grunt_decor_resistance, cheibrodos_gnoll_hut

Skill      XL: |  1  2  3  4 |
---------------+-------------+-----
Fighting       | 3 |  3.7
Dodging        | 4 |  4.3
Unarmed Combat | 4 |  4.3
Throwing       | |  2.0

Action                     |  1- 3 |  4- 6 || total
---------------------------+-------+-------++-------
  Melee: Unarmed           |    42 |       ||    42
         Constrict         |    19 |    25 ||    44
         Punch             |     2 |     4 ||     6
         Tentacles         |     9 |    19 ||    28
         Dagger            |     9 |    77 ||    86
   Stab: Sleeping          |     7 |     2 ||     9
 Armour: Skin              |     1 |    10 ||    11
  Dodge: Dodged            |    27 |    60 ||    87

Table legend: (Time is in decaauts)
 A = Elapsed time spent in this place.
 B = Non-inter-level travel time spent in this place.
 C = Inter-level travel time spent in this place.
 D = Time resting spent in this place.
 E = Time spent auto-exploring this place.
 F = Levels seen in this place.
 G = Mean time per level.
                   A        B        C        D        E       F      G
               +--------+--------+--------+--------+--------+-----+--------+
         Total |   1871 |   1805 |     66 |      0 |   1442 |   3 |  623.7 |
       Dungeon |   1871 |   1805 |     66 |      0 |   1442 |   3 |  623.7 |
               +--------+--------+--------+--------+--------+-----+--------+

Top non-repeatable levels by time:
     D:1: 794 daAuts
     D:2: 691 daAuts
     D:3: 385 daAuts
